[Event "*** SCC Grand Prix: Titled Tuesday Blitz"]
[Site "Chess.com"]
[Date "2020.06.09"]
[Round "7"]
[White "alexsergeyev"]
[Black "lelajavakhishvili"]
[Result "0-1"]
[WhiteElo "2354"]
[BlackElo "2455"]
[TimeControl "180+1"]
[EndTime "10:18:57 PDT"]
[Termination "lelajavakhishvili won on time"]

1. d4 Nf6 2. c4 c5 3. d5 b5 4. Nf3 bxc4 5. Nc3 e6 6. e4 exd5 7. exd5 d6 8. Bxc4 Be7 9. O-O O-O 10. Re1 Nbd7 11. Bg5 Nb6 12. Qe2 h6 13. Bh4 Nxc4 14. Qxe7 Qxe7 15. Rxe7 Nxb2 16. Bxf6 gxf6 17. Ne4 Bf5 18.
Nxd6 Bg6 19. Ne4 Rfd8 20. Nxf6+ Kg7 21. Nd7 Nd3 22. Rd1 Re8 23. d6 c4 24. Nfe5 c3 25.
Nxd3 c2 26. Rc1 Bxd3 27. Nc5 Rxe7 28. dxe7 Bg6 29. f4 h5 30. h3 h4 31. g4 hxg3 32.
Kg2 Re8 33. Kxg3 Rxe7 34. Kg4 Rc7 35. Na6 Rc4 36. Kg5 Bd3 37. a3 Be2 38. Nb4 Bd1 39.
f5 a5 40. f6+ Kh7 0-1

[Event "*** SCC Grand Prix: Titled Tuesday Blitz"]
[Site "Chess.com"]
[Date "2020.06.09"]
[Round "7"]
[White "SARGISMV"]
[Black "BikingBrian"]
[Result "1/2-1/2"]
[WhiteElo "2413"]
[BlackElo "2304"]
[TimeControl "180+1"]
[EndTime "10:18:57 PDT"]
[Termination "Game drawn by repetition"]

1. c4 g6 2. Nf3 Bg7 3. Nc3 c5 4. h4 h5 5. d4 cxd4 6. Nxd4 Nc6 7. Nxc6 bxc6 8. Bg5 Nf6 9. Qd2 d6 10. Rd1 Be6 11.
b3 O-O 12. g3 Nh7 13. Bh6 Qa5 14. Bxg7 Kxg7 15. Bg2 Rac8 16. O-O Nf6 17. Ne4 Qxd2 18. Rxd2 Nxe4 19. Bxe4 Rfd8 20. Rfd1 a5 21. f4 a4 22.
Kf2 axb3 23. axb3 Rb8 24. c5 d5 25. Rd3 Rb4 26. Bf3 Rdb8 27. e4 Rxb3 28. exd5 Rxd3 29. Rxd3 Bxd5 30. Bxd5 cxd5 31. Rxd5 Rb2+ 32. Ke3 Rc2 33. Kd4 e6 34. Re5 Rc1 35. Re3 Kf8 36. Rc3 Rxc3 37. Kxc3 Ke7 38. Kd4 f6 39. Kc4 Kd7 40. Kb5 Kc7 41.
c6 e5 42. fxe5 fxe5 43. Kc5 e4 44. Kd4 Kxc6 45. Kxe4 Kd6 46. Kf4 Ke6 47. Kg5 Kf7 48. Kh6 Kf6 49. Kh7 Kf7 50. Kh6 Kf6 51. Kh7 Kf7 52. Kh8 Kf8 53. Kh7 Kf7 1/2-1/2

[Event "*** SCC Grand Prix: Titled Tuesday Blitz"]
[Site "Chess.com"]
[Date "2020.06.09"]
[Round "7"]
[White "Sam_ChessMood"]
[Black "DenLaz"]
[Result "1-0"]
[WhiteElo "2832"]
[BlackElo "2659"]
[TimeControl "180+1"]
[EndTime "10:18:59 PDT"]
[Termination "Sam_ChessMood won by resignation"]

1. e4 e5 2. Nf3 Nc6 3. Bb5 a6 4. Ba4 Nf6 5. O-O Be7 6. Re1 b5 7. Bb3 d6 8. c3 O-O 9. h3 Bb7 10. d4 Re8 11. Nbd2 Bf8 12. a4 h6 13. Bc2 exd4 14.
cxd4 Nb4 15. Bb1 c5 16. d5 Nd7 17. Ra3 c4 18. axb5 axb5 19. Nd4 Rxa3 20. bxa3 Nd3 21.
Bxd3 cxd3 22. Bb2 Nc5 23. Nf5 g6 24. Ne3 Bg7 25. Bxg7 Kxg7 26. Ng4 h5 27. Qa1+ f6 28.
Nh2 Qa5 29. Nhf3 Ra8 30. Qb2 Qxa3 31. Qxb5 Qa6 32. Qb2 Qa2 33. Qb6 Qa5 34. Rb1 Qxb6 35. Rxb6 Rd8 36. Nd4 f5 37. Ne6+ Nxe6 38. Rxb7+ Kf6 39.
dxe6 Rc8 40. Rb3 fxe4 41. Nxe4+ Ke5 42. Nd2 Kxe6 43. Rxd3 Rc1+ 44. Kh2 Rd1 45. Kg3 d5 46. Kf3 g5 47. Ke2 Rg1 48. Nf3 Rxg2 49. Kf1 1-0

[Event "*** SCC Grand Prix: Titled Tuesday Blitz"]
[Site "Chess.com"]
[Date "2020.06.09"]
[Round "7"]
[White "ZAbdumalik"]
[Black "Witik"]
[Result "1/2-1/2"]
[WhiteElo "2727"]
[BlackElo "2588"]
[TimeControl "180+1"]
[EndTime "10:18:59 PDT"]
[Termination "Game drawn by repetition"]

1. e4 c6 2. d4 d5 3. Nd2 dxe4 4. Nxe4 Nf6 5. Ng3 c5 6. Nf3 Nc6 7. Be3 cxd4 8. Nxd4 Bd7 9. Be2 g6 10. O-O Bg7 11. c3 O-O 12. Qd2 e5 13. Nb5 a6 14.
Nd6 Qc7 15. Nc4 b5 16. Nb6 Rad8 17. Nxd7 Rxd7 18. Qc1 Nd5 19. Bh6 Nf4 20. Bxg7 Kxg7 21. a4 Na5 22. Qe3 Nc4 23. Bxc4 bxc4 24. Rfd1 Rfd8 25. Rxd7 Rxd7 26. Nf1 Rd3 27. Qe4 f5 28. Qa8 Qd6 29. Qb7+ Kh6 30. g3 Ne2+ 31. Kg2 f4 32. Qe4 f3+ 33. Kh1 Rd1 34. Rxd1 Qxd1 35. Qh4+ Kg7 36. Qe7+ Kh6 37. Qh4+ Kg7 38. Qe7+ Kh6 39. Qh4+ 1/2-1/2

[Event "*** SCC Grand Prix: Titled Tuesday Blitz"]
[Site "Chess.com"]
[Date "2020.06.09"]
[Round "7"]
[White "Haykos"]
[Black "kirillshevchenko"]
[Result "0-1"]
[WhiteElo "2590"]
[BlackElo "2898"]
[TimeControl "180+1"]
[EndTime "10:19:00 PDT"]
[Termination "kirillshevchenko won by resignation"]

1. e4 c5 2. Nf3 d6 3. Bb5+ Nd7 4.
O-O a6 5. Bxd7+ Bxd7 6. c3 Nf6 7. Re1 e6 8. d4 cxd4 9. cxd4 d5 10. e5 Ne4 11. Nbd2 Nxd2 12. Bxd2 Be7 13. Qb3 O-O 14. Bb4 Bb5 15. a4 Bc4 16. Qa3 Bxb4 17. Qxb4 a5 18. Qa3 Qb6 19. Nd2 Qxd4 20. Nxc4 Qxc4 21. Rac1 Qd4 22.
Qb3 h6 23. Rc7 Rac8 24. Rxb7 Rc4 25. Rb8 Rxb8 26. Qxb8+ Kh7 27. b3 Rb4 28. Qc7 Rxb3 29. Qxa5 Rb2 30. Rf1 Qxe5 31. Qa7 Kg6 32. a5 Ra2 33. g3 Qc3 34. a6 Qc4 35. h4 Rxa6 36. h5+ Kf6 37. Qd7 Qc5 38. Re1 Ra2 39. Re3 Ra3 40. Qd8+ Kf5 41. Re2 Rxg3+ 42. Kf1 Qc1+ 0-1

[Event "*** SCC Grand Prix: Titled Tuesday Blitz"]
[Site "Chess.com"]
[Date "2020.06.09"]
[Round "7"]
[White "blitzking1729"]
[Black "Leonid_Starozhilov"]
[Result "0-1"]
[WhiteElo "2551"]
[BlackElo "2713"]
[TimeControl "180+1"]
[EndTime "10:19:00 PDT"]
[Termination "Leonid_Starozhilov won by resignation"]

1. d4 Nf6 2. Bg5 c5 3. Nc3 Qa5 4. Bxf6 gxf6 5. d5 f5 6. e3 Bg7 7. Qd2 d6 8. a4 Nd7 9. Nf3 a6 10. Bd3 Ne5 11. Nxe5 Bxe5 12. O-O Bd7 13. Ra3 Rb8 14. Rfa1 h5 15. f4 Bf6 16. Qe1 h4 17.
Rb3 Kf8 18. e4 c4 19. Bxc4 Qc5+ 20. Kh1 Qxc4 21. e5 Bg7 22. exd6 exd6 23. Qf2 Bd4 24.
Qf3 Bc5 25. a5 Kg7 26. h3 Rh6 27. Re1 Rg6 28. Kh2 Qd4 29. Rd1 Qf2 30. Qxf2 Bxf2 31. Ne2 Bb5 32. Nd4 Bxd4 33. Rxd4 Rc8 34. Rc3 Rxc3 35.
bxc3 Rg3 36. c4 Bd7 37. Rd3 Rxd3 38. cxd3 Ba4 39. d4 Bb3 40. c5 dxc5 41. dxc5 Bxd5 0-1

[Event "*** SCC Grand Prix: Titled Tuesday Blitz"]
[Site "Chess.com"]
[Date "2020.06.09"]
[Round "7"]
[White "Vitor-Moraes"]
[Black "HElissalt"]
[Result "0-1"]
[WhiteElo "1957"]
[BlackElo "2203"]
[TimeControl "180+1"]
[EndTime "10:19:00 PDT"]
[Termination "HElissalt won by resignation"]

1. e4 d6 2. f4 Nf6 3. Nf3 c5 4. Nc3 Nc6 5. Bb5 Bg4 6. Bxc6+ bxc6 7. O-O g6 8. d3 Bg7 9. Qe1 Bxf3 10. Rxf3 O-O 11. e5 Nd5 12. Nxd5 cxd5 13. Bd2 dxe5 14.
fxe5 Qd7 15. Qe2 Rab8 16. b3 Rb6 17. Re1 Re6 18. Qf2 Bxe5 19. Qxc5 Rc8 20. Qf2 Rxc2 21. Rxf7 Bf6 22. Rxf6 Rxf6 23. Qe2 Kf7 24. Qe3 d4 25.
Qh6 Kg8 26. Bg5 Rff2 27. Rxe7 Rxg2+ 28. Kh1 Rxh2+ 29. Qxh2 Qd5+ 30. Kg1 Rxh2 31. Kxh2 Qxg5 32. Rxa7 Qf4+ 33. Kh1 Qf3+ 34. Kh2 Qxd3 35. Ra8+ Kg7 36. b4 Kh6 37. b5 Qxb5 38. a4 Qb2+ 39. Kg3 0-1

[Event "*** SCC Grand Prix: Titled Tuesday Blitz"]
[Site "Chess.com"]
[Date "2020.06.09"]
[Round "7"]
[White "Reader777"]
[Black "SiddharthGMJagadeesh"]
[Result "1-0"]
[WhiteElo "2605"]
[BlackElo "2440"]
[TimeControl "180+1"]
[EndTime "10:19:01 PDT"]
[Termination "Reader777 won on time"]

1. d4 Nf6 2. c4 e6 3. g3 d5 4. Bg2 Bb4+ 5. Nd2 O-O 6. Nf3 b6 7. O-O Bb7 8. a3 Bd6 9. b4 a5 10. c5 Be7 11. Bb2 c6 12. Ne5 Nfd7 13. Nd3 Ba6 14. Qc2 Bxd3 15. Qxd3 f5 16. Rfc1 b5 17.
f3 Na6 18. Bc3 Bg5 19. e3 Qe7 20. f4 Bf6 21. Nf3 a4 22. Ne5 Bxe5 23. dxe5 Kh8 24. h3 Rg8 25. Kh2 g5 26. Rg1 Rg7 27.
Raf1 Rag8 28. Bf3 Qe8 29. Bd4 g4 30. hxg4 fxg4 31. Bd1 Rf8 32. Kg2 Rf5 33. Rh1 Nc7 34. Rh4 Qg8 35. Rfh1 Nf8 36. Qe2 Rff7 37. Rxg4 Rxg4 38.
Qxg4 Rg7 39. Qh3 Qf7 40. Bc2 Ng6 41. Kf1 Kg8 42. Ke1 Ne8 43. Rf1 Ne7 44. g4 Qf8 45.
f5 Rf7 46. f6 Nc8 47. g5 Nc7 48. g6 1-0

[Event "*** SCC Grand Prix: Titled Tuesday Blitz"]
[Site "Chess.com"]
[Date "2020.06.09"]
[Round "7"]
[White "Infernal_XaM"]
[Black "letsgoband"]
[Result "1-0"]
[WhiteElo "2768"]
[BlackElo "2448"]
[TimeControl "180+1"]
[EndTime "10:19:02 PDT"]
[Termination "Infernal_XaM won on time"]

1. e4 e5 2. Nf3 Nc6 3. Bc4 Nf6 4. Ng5 d5 5. exd5 Na5 6. Bb5+ c6 7. dxc6 bxc6 8. Be2 h6 9. Nh3 g5 10. Nc3 Bg7 11. d3 Nb7 12. Ng1 Qc7 13. Nf3 O-O 14. O-O Bf5 15. Re1 Rad8 16. Bf1 e4 17. Nd2 exd3 18.
cxd3 Bxd3 19. Bxd3 Rxd3 20. Qc2 Rfd8 21. Nf1 Ng4 22. h3 Ne5 23. Be3 Qa5 24. Na4 R3d6 25.
Red1 Nd3 26. a3 Qb5 27. Rab1 a6 28. Nc3 Qc4 29. Nd2 Qe6 30. Nde4 R6d7 31. Bb6 Qe8 32. Bxd8 Qxd8 33. Ng3 Nbc5 34. b4 Ne6 35. Nce4 Nef4 36. Nc5 Rd5 37. Nxd3 Nxd3 38. Rd2 Nxb4 39. Rxd5 Nxd5 40.
Qxc6 Nf4 41. Nf5 Bf8 42. Qc2 Qd5 43. Ne3 Qe6 44. Qf5 Bc5 45. Qxc5 1-0

[Event "*** SCC Grand Prix: Titled Tuesday Blitz"]
[Site "Chess.com"]
[Date "2020.06.09"]
[Round "7"]
[White "Ginger_GM"]
[Black "pitterson"]
[Result "1-0"]
[WhiteElo "2573"]
[BlackElo "2393"]
[TimeControl "180+1"]
[EndTime "10:19:02 PDT"]
[Termination "Ginger_GM won on time"]

1. e4 c6 2. Bc4 d6 3. Nc3 Nf6 4. Bb3 Nbd7 5. d4 e5 6. g4 h6 7. Be3 Be7 8. h3 Qc7 9. Nge2 b5 10. Ng3 a5 11. a4 b4 12. Nce2 Nf8 13. Nf5 Bxf5 14.
exf5 N8d7 15. Ng3 exd4 16. Bxd4 c5 17. Bxf6 Nxf6 18. Bd5 Nxd5 19. Qxd5 O-O 20. O-O Bf6 21. Rab1 Rae8 22. Rfd1 Be5 23. Ne4 Qe7 24. Kg2 Bxb2 25. Nxd6 Bd4 26. Nxe8 Rxe8 27. Qf3 Qd7 28. Re1 Rb8 29.
Qb3 Qb7+ 30. Kg1 Qc6 31. Re2 c4 32. Qg3 Rc8 33. Rd1 Bf6 34. h4 b3 35. cxb3 cxb3 36. g5 Bd8 37. Qxb3 hxg5 38. Qd5 Qxd5 39. Rxd5 1-0

[Event "*** SCC Grand Prix: Titled Tuesday Blitz"]
[Site "Chess.com"]
[Date "2020.06.09"]
[Round "7"]
[White "AungTZ"]
[Black "Saloni1299"]
[Result "1-0"]
[WhiteElo "2121"]
[BlackElo "2239"]
[TimeControl "180+1"]
[EndTime "10:19:02 PDT"]
[Termination "AungTZ won by resignation"]

1. e4 e6 2. d4 d5 3. Nc3 Bb4 4. exd5 exd5 5. Bd3 c6 6. Ne2 Ne7 7. O-O Ng6 8. a3 Bd6 9. Ng3 O-O 10. Nf5 Bc7 11. Qf3 Bxf5 12. Qxf5 Qh4 13. g3 Qxd4 14. h4 Qe5 15. Qf3 Nxh4 16. Qh1 Ng6 17. Ne2 Nd7 18. Bf4 Qxb2 19. Bxc7 Qf6 20. Bf4 Nde5 21. Bxe5 Qxe5 22. Nf4 Rae8 23. Rab1 b5 24. Kg2 Qf6 25. Nh5 Qe5 26. Qh3 f5 27. Rbe1 Qxe1 28. Rxe1 Rxe1 29. Bxf5 Re2 30. Kf1 Re5 31. Bxg6 hxg6 32. Nf4 g5 33. Nd3 Re7 34. Qg4 c5 35. Qxg5 Ref7 36. Qxd5 c4 37.
Nf4 g5 38. Ng6 Re8 39. Ne5 Rxe5 40. Qxe5 Kf8 41. Qxg5 a6 42. Qc5+ Kg7 43. g4 Kg6 44. Kg2 Rf6 45. Kg3 Re6 46. f4 Rf6 47. g5 Rf7 48.
Kg4 1-0

[Event "*** SCC Grand Prix: Titled Tuesday Blitz"]
[Site "Chess.com"]
[Date "2020.06.09"]
[Round "7"]
[White "Chess_Boxer123"]
[Black "yamalchess"]
[Result "1-0"]
[WhiteElo "2712"]
[BlackElo "2444"]
[TimeControl "180+1"]
[EndTime "10:19:03 PDT"]
[Termination "Chess_Boxer123 won on time"]

1. d4 f5 2. Bg5 Nc6 3. e3 g6 4.
h4 Bg7 5. Nc3 Nh6 6. Bc4 Nf7 7.
Nf3 Nxg5 8. hxg5 e6 9. a3 d5 10. Ba2 a6 11. Ne2 Qd6 12. Nf4 Bd7 13. Nd3 b6 14.
Nh4 e5 15. dxe5 Nxe5 16. Nxe5 Bxe5 17. c3 Be6 18. f4 Bg7 19. Qd2 Rd8 20. O-O-O c5 21.
g4 fxg4 22. Kb1 O-O 23. Qh2 Rd7 24. Ka1 d4 25. Bxe6+ Qxe6 26. exd4 cxd4 27. Rde1 Qb3 28. Nxg6 hxg6 29. Qh7+ Kf7 30. f5 Rd6 31. fxg6+ Rxg6 32. Rhf1+ 1-0

[Event "*** SCC Grand Prix: Titled Tuesday Blitz"]
[Site "Chess.com"]
[Date "2020.06.09"]
[Round "7"]
[White "GM_dmitrij"]
[Black "SketchyMoves"]
[Result "1-0"]
[WhiteElo "2955"]
[BlackElo "2654"]
[TimeControl "180+1"]
[EndTime "10:19:05 PDT"]
[Termination "GM_dmitrij won on time"]

1. e4 c6 2. d4 d5 3. e5 Bf5 4. Be2 e6 5. c3 c5 6. Nf3 Nc6 7. O-O cxd4 8. Nxd4 Nge7 9. Nxf5 Nxf5 10. Bd3 g6 11. Qe2 Bg7 12. f4 h5 13. Nd2 Qb6+ 14.
Kh1 h4 15. Bxf5 gxf5 16. Nf3 h3 17. g3 Bf8 18. b4 a6 19. Be3 Qc7 20. a4 Be7 21.
Rfb1 d4 22. Bxd4 Nxd4 23. cxd4 Rc8 24. d5 Qd7 25. d6 Bd8 26. a5 Kf8 27. Rc1 Kg7 28. Qe3 Rxc1+ 29. Rxc1 Qb5 30. Qd2 b6 31. Nd4 Qd5+ 32. Kg1 Kg6 33. Ra1 bxa5 34. bxa5 Rg8 35. Ra4 Rh8 36. Qa2 Qe4 37. Qe2 Qd5 38. Nf3 Bxa5 39. Ra1 Bb6+ 40. Kh1 Rc8 41. Rd1 1-0

[Event "*** SCC Grand Prix: Titled Tuesday Blitz"]
[Site "Chess.com"]
[Date "2020.06.09"]
[Round "7"]
[White "Kostya26"]
[Black "davidkalashian"]
[Result "0-1"]
[WhiteElo "2428"]
[BlackElo "2597"]
[TimeControl "180+1"]
[EndTime "10:19:06 PDT"]
[Termination "davidkalashian won by checkmate"]

1. d4 Nf6 2. Nf3 e6 3. Bf4 b6 4. Nbd2 Bb7 5. e3 c5 6. c3 cxd4 7. exd4 Be7 8. Bd3 O-O 9. O-O d6 10. Qe2 a6 11. Rfe1 Nbd7 12. Ne4 Nxe4 13. Bxe4 Bxe4 14.
Qxe4 Nf6 15. Qe2 Re8 16. Rad1 b5 17. a3 Rc8 18. Bg5 h6 19. Bh4 Nd5 20. Bxe7 Qxe7 21. Nd2 Qc7 22. Ne4 Red8 23. Rd3 Nf4 24. Qd2 Nxd3 25.
Qxd3 d5 26. Nd2 Re8 27. Nf3 Qc4 28. Qd2 f6 29. h4 a5 30. Qf4 e5 31. Qg4 e4 32.
Nh2 b4 33. axb4 axb4 34. Re3 bxc3 35. bxc3 Qc7 36. Rg3 Qf7 37. Qf5 h5 38. Nf1 e3 39.
Nxe3 Rxc3 40. Rg6 Rc1+ 41. Kh2 Re4 42. g3 Qe6 43. Qxh5 Rxe3 44. fxe3 Rc2+ 45. Kh1 Qe4+ 46. Kg1 Qg2# 0-1

[Event "*** SCC Grand Prix: Titled Tuesday Blitz"]
[Site "Chess.com"]
[Date "2020.06.09"]
[Round "7"]
[White "aa175"]
[Black "ClassyEl"]
[Result "1-0"]
[WhiteElo "2400"]
[BlackElo "2508"]
[TimeControl "180+1"]
[EndTime "10:19:06 PDT"]
[Termination "aa175 won on time"]

1. d4 Nf6 2. Bf4 d5 3. e3 c5 4.
Nf3 Qb6 5. Nc3 c4 6. a4 a6 7. a5 Qxb2 8. Na4 Qb4+ 9. Qd2 Qxd2+ 10. Kxd2 Nbd7 11. Ne5 e6 12. f3 h6 13. h4 Bb4+ 14. c3 Bxa5 15. Nxd7 Nxd7 16. Bd6 b5 17.
Nc5 Nxc5 18. Bxc5 Bd8 19. g3 Be7 20. Bb4 Bb7 21. Bg2 Kd7 22. f4 g5 23. Bf3 gxh4 24.
Bxe7 Kxe7 25. Rxh4 a5 26. Rah1 Rag8 27. g4 b4 28.
Rxh6 Rxh6 29. Rxh6 Bc6 30. g5 b3 31. Kc1 a4 32. Kb2 Rb8 33. Rh2 f6 34. Rh7+ 1-0

[Event "*** SCC Grand Prix: Titled Tuesday Blitz"]
[Site "Chess.com"]
[Date "2020.06.09"]
[Round "7"]
[White "Gromes7"]
[Black "Quattroporte300"]
[Result "0-1"]
[WhiteElo "2046"]
[BlackElo "2234"]
[TimeControl "180+1"]
[EndTime "10:19:06 PDT"]
[Termination "Quattroporte300 won on time"]

1. d4 Nf6 2. g3 e6 3. Bg2 d5 4.
Nf3 b5 5. b3 Nbd7 6. c4 bxc4 7.
bxc4 Bb7 8. O-O dxc4 9. Qa4 Bd6 10. Nc3 O-O 11. Qxc4 c5 12. Nb5 Nb6 13. Qc2 Be4 14.
Qd1 Be7 15. Ba3 cxd4 16. Bxe7 Qxe7 17. Nfxd4 Bxg2 18. Kxg2 Rfd8 19. Qb3 Qb7+ 20. Kg1 Nbd5 21. Rac1 a6 22. Nc7 Qxb3 23. Nxb3 Nxc7 24. Rxc7 Nd5 25. Rb7 Rac8 26. e4 Nf6 27. e5 Nd5 28. Ra7 Rc6 29. Nd4 Rb6 30. Rc1 Kf8 31. Rc6 Rxc6 32.
Nxc6 Rc8 33. Rxa6 Nc7 34. Ra7 Nb5 35. Ra6 Ke8 36. Rb6 Nc7 37. Nb4 Ra8 38. Rb7 Na6 0-1

[Event "*** SCC Grand Prix: Titled Tuesday Blitz"]
[Site "Chess.com"]
[Date "2020.06.09"]
[Round "7"]
[White "eljanov"]
[Black "VitaliyBernadskiy"]
[Result "0-1"]
[WhiteElo "2812"]
[BlackElo "2726"]
[TimeControl "180+1"]
[EndTime "10:19:07 PDT"]
[Termination "VitaliyBernadskiy won on time"]

1. e4 c5 2. Nf3 Nc6 3. Bb5 g6 4.
Bxc6 dxc6 5. d3 Bg7 6. h3 b6 7. Nc3 Nh6 8. Bf4 f6 9. Qd2 Nf7 10. e5 O-O 11. O-O g5 12. Bg3 Bh6 13. Qe1 g4 14. hxg4 Bxg4 15. Nh2 Bh5 16. e6 Nd6 17. f4 Nf5 18. Bf2 Bxf4 19. Bxc5 Qc7 20. Rxf4 Qxf4 21. Bf2 Bg6 22. g4 Nd4 23. Be3 Qxh2+ 24. Kxh2 Nf3+ 25. Kg3 Nxe1 26. Rxe1 Rfd8 27. g5 Kg7 28. Ne2 Rd5 29. gxf6+ exf6 30. Nf4 Re5 31. d4 Re4 32. c4 Re8 33. d5 cxd5 34. cxd5 Bf5 35. Kf2 Rc8 36. Nh5+ Kg6 37. Ng3 Rc2+ 38. Kf3 Re5 39. Nxf5 Kxf5 40. Rh1 Rxd5 41. e7 Rc8 42. Rxh7 Re8 43. Bh6 Kg6 0-1

[Event "*** SCC Grand Prix: Titled Tuesday Blitz"]
[Site "Chess.com"]
[Date "2020.06.09"]
[Round "7"]
[White "quesfr"]
[Black "mattcolins2025"]
[Result "0-1"]
[WhiteElo "2242"]
[BlackElo "2381"]
[TimeControl "180+1"]
[EndTime "10:19:07 PDT"]
[Termination "mattcolins2025 won on time"]

1. e4 c5 2. Nf3 e6 3. c3 Nf6 4. e5 Nd5 5. g3 d6 6. exd6 Bxd6 7. Bg2 Nc6 8. O-O O-O 9. d4 cxd4 10. Nxd4 Nxd4 11.
Qxd4 Nf6 12. c4 Qe7 13. Nc3 e5 14. Qd3 Be6 15. Bg5 h6 16. Bxf6 gxf6 17. Nd5 Bxd5 18.
Bxd5 Kg7 19. Qf5 Rg8 20. Rad1 Rad8 21. Rd3 Qd7 22. Qxd7 Rxd7 23. Be4 Rdd8 24. Rfd1 Bc7 25. Bxb7 Rxd3 26. Rxd3 Rb8 27. Rb3 Bb6 28. Bd5 f5 29. Kf1 Kf6 30. Ke2 h5 31. h4 e4 32. a4 Rc8 33. Rb5 Rc7 34. a5 Bd4 35. b3 Ke5 36. Bxf7+ Kf6 37. Bxh5 Rc8 38. Rb7 Rh8 39. Bf7 Bc3 40. a6 Bd4 41. Bd5 Ke5 42. Re7+ Kd6 43.
Rf7 Ke5 44. b4 Rb8 45. Rb7 Rg8 46. b5 Rg6 47. Re7+ Kd6 48. Re8 f4 49. gxf4 Rg2 50. Re6+ Kc5 51. Rxe4 Rxf2+ 52. Kd3 Rf3+ 53. Ke2 Rf2+ 54.
Ke1 Rh2 55. f5 Bf2+ 56. Kf1 Bxh4 57. Be6 Bf6 0-1

[Event "*** SCC Grand Prix: Titled Tuesday Blitz"]
[Site "Chess.com"]
[Date "2020.06.09"]
[Round "7"]
[White "Love_craft"]
[Black "Arjun2002"]
[Result "1-0"]
[WhiteElo "2456"]
[BlackElo "2636"]
[TimeControl "180+1"]
[EndTime "10:19:08 PDT"]
[Termination "Love_craft won by resignation"]

1. d4 d5 2. c4 c6 3. Nd2 Nf6 4. Ngf3 Bf5 5. g3 e6 6. Bg2 h6 7. O-O Be7 8. b3 O-O 9. Bb2 Nbd7 10. Rc1 a5 11. a3 b5 12. cxb5 cxb5 13. Ne5 Nxe5 14. dxe5 Ne4 15. Nxe4 Bxe4 16. Bxe4 dxe4 17. Qc2 Qd5 18. Rfd1 Rac8 19. Rxd5 Rxc2 20. Rxc2 exd5 21. Rc7 Bg5 22. h4 Bd2 23. Rd7 Rc8 24. Rxd5 Rc2 25. Bd4 Ra2 26. Rd8+ Kh7 27. Rd7 Kg8 28. e6 fxe6 29.
Rxg7+ Kf8 30. Rd7 b4 31. axb4 Bxb4 32. Bg7+ Ke8 33. Rb7 Rxe2 34. Bxh6 Bc5 35. Be3 Bxe3 36. fxe3 Rxe3 37. Kf2 Rf3+ 38. Kg2 Rc3 39. Rb5 Ke7 40. Rxa5 Kf6 41. Rb5 Rc2+ 42. Kf1 e5 43. g4 e3 44. Rb8 e4 45. b4 Ke5 46. g5 Kf4 47. Rf8+ Kg4 48. g6 Rc7 49. Rf7 Rc8 50. g7 Rg8 51. Ke2 Kxh4 52. Kxe3 Kg5 53. Kxe4 Kg6 54. Rb7 Kh7 55.
Kd5 Rc8 56. b5 Rc7 57. Rxc7 1-0

[Event "*** SCC Grand Prix: Titled Tuesday Blitz"]
[Site "Chess.com"]
[Date "2020.06.09"]
[Round "7"]
[White "TigranMukhutdinov"]
[Black "Manukyan_Artak"]
[Result "1-0"]
[WhiteElo "2480"]
[BlackElo "2305"]
[TimeControl "180+1"]
[EndTime "10:19:08 PDT"]
[Termination "TigranMukhutdinov won by resignation"]

1. Nf3 c6 2. g3 d5 3. Bg2 Bg4 4. O-O Nd7 5. d4 Ngf6 6. Nbd2 e6 7. Re1 Be7 8. e4 dxe4 9. Nxe4 Nxe4 10. Rxe4 Nf6 11.
Re1 O-O 12. c3 a5 13. Qb3 Qc8 14. Ne5 Bf5 15. a4 Nd7 16. Nc4 g5 17. h4 gxh4 18. Bf4 hxg3 19. fxg3 Rd8 20. Nd6 Bxd6 21. Bxd6 Nf8 22.
Be5 Ng6 23. Bf6 Qc7 24. Bxd8 Rxd8 25. Re3 e5 26. dxe5 Nxe5 27. Rae1 Ng4 28. Re8+ Rxe8 29. Rxe8+ Kg7 30. c4 Qd7 31. Qc3+ f6 32. Re1 h5 33. c5 Ne5 34. Qe3 Kg6 35. Be4 Ng4 36. Bxf5+ Kxf5 37. Rf1+ Kg6 38. Qe4+ f5 39. Qf4 Qd5 40. Qd6+ Nf6 41. Qxd5 Nxd5 42. Re1 Kf6 43. Re8 Nb4 44. Rb8 Nd3 45. Rxb7 Ke5 46. Ra7 Nxb2 47. Rxa5 Kd5 48.
Ra8 Kxc5 49. a5 Nc4 50. Rf8 Nd6 51. a6 Kb6 52. Kg2 Kxa6 53. Rf6 Ne4 54. Rxc6+ Kb5 55. Rh6 Kc5 56. Rxh5 Nd6 57. Kf3 Kd4 58. Kf4 1-0

[Event "*** SCC Grand Prix: Titled Tuesday Blitz"]
[Site "Chess.com"]
[Date "2020.06.09"]
[Round "7"]
[White "Alexey_Spirin"]
[Black "Rinas_Oleg"]
[Result "1-0"]
[WhiteElo "2053"]
[BlackElo "2208"]
[TimeControl "180+1"]
[EndTime "10:19:08 PDT"]
[Termination "Alexey_Spirin won on time"]

1. e4 c5 2. Nf3 Nc6 3. Bb5 g6 4. Bxc6 dxc6 5. d3 Bg7 6. h3 e5 7. Nc3 Ne7 8. Be3 b6 9. Qd2 O-O 10. Bh6 Be6 11. O-O Qd6 12. a3 f6 13. Bxg7 Kxg7 14. Rad1 Rad8 15. Nh2 c4 16. f4 cxd3 17. cxd3 Bc4 18. fxe5 Qxe5 19. d4 Qh5 20. Rf2 f5 21. Nf3 fxe4 22. Nxe4 Bd5 23. Qc2 Qf5 24. Re1 Qd7 25.
Neg5 Nf5 26. Qc3 Rde8 27. Ne5 Qd6 28. Ne4 Qe6 29. Ng5 Qd6 30. Ngf3 Ne7 31. Qe3 Rf5 32. g4 Rff8 33. Qg5 h6 34. Qe3 Rf6 35. Qd3 Ref8 36. Ref1 Bxf3 37. Rxf3 Rxf3 38. Rxf3 1-0

[Event "*** SCC Grand Prix: Titled Tuesday Blitz"]
[Site "Chess.com"]
[Date "2020.06.09"]
[Round "7"]
[White "PauloFanha"]
[Black "HanSchut"]
[Result "0-1"]
[WhiteElo "1989"]
[BlackElo "2188"]
[TimeControl "180+1"]
[EndTime "10:19:08 PDT"]
[Termination "HanSchut won by resignation"]

1. e4 c5 2. Nf3 d6 3. Bb5+ Nd7 4. O-O a6 5. Bxd7+ Qxd7 6. d4 cxd4 7. Qxd4 Nf6 8. c4 e6 9. Nc3 Be7 10. b3 O-O 11. Bb2 b5 12. cxb5 axb5 13. a4 bxa4 14. Rxa4 Bb7 15. Rfa1 Rxa4 16. Rxa4 Ra8 17. Rxa8+ Bxa8 18. h3 Qb7 19. e5 dxe5 20. Qxe5 Qxb3 21. Ne2 Bxf3 22. gxf3 h6 23. Kg2 Qd5 24. Nf4 Qxe5 25. Bxe5 Nd5 26. Nd3 f6 27. Bd4 Bd6 28. Bc5 Bxc5 29.
Nxc5 Kf7 30. Nd3 g5 31. Kg3 Kg6 32. Kg2 Nf4+ 33. Kg3 Nxd3 34. Kg4 f5+ 35. Kg3 f4+ 36. Kg2 Kf5 37. h4 e5 38. hxg5 hxg5 39. Kf1 e4 40. fxe4+ Kxe4 41. Ke2 f3+ 42. Kf1 Nxf2 43. Kg1 Nd3 44.
Kf1 Ke3 45. Kg1 Ke2 46. Kh1 f2 47. Kh2 f1=Q 48. Kg3 Qf4+ 49. Kg2 Ne1+ 50. Kh3 Qf3+ 0-1

[Event "*** SCC Grand Prix: Titled Tuesday Blitz"]
[Site "Chess.com"]
[Date "2020.06.09"]
[Round "7"]
[White "elohunter1999"]
[Black "KNVB"]
[Result "1-0"]
[WhiteElo "2505"]
[BlackElo "2690"]
[TimeControl "180+1"]
[EndTime "10:19:09 PDT"]
[Termination "elohunter1999 won on time"]

1. e4 b6 2. d4 Bb7 3. Bd3 e6 4. Nf3 d5 5. e5 Ba6 6. Bxa6 Nxa6 7. c3 Qd7 8. O-O c5 9. a3 c4 10. Nbd2 Ne7 11. Re1 Nc7 12. Nf1 Nf5 13. Ng3 Be7 14.
Nxf5 exf5 15. e6 fxe6 16. Ne5 Qc8 17. Qh5+ Kd8 18. Bg5 Bxg5 19. Qxg5+ Ke8 20. Qxg7 Rf8 21. Re3 Qd8 22. Rae1 Qe7 23. Qh6 Rf6 24. Qh5+ Kf8 25.
Rg3 Ne8 26. Qg5 Ng7 27. Nd7+ Qxd7 28. Qxf6+ Qf7 29. Qh6 Re8 30. h4 Kg8 31. Re5 Kh8 32. Qg5 Qe7 33. h5 Qxg5 34. Rxg5 h6 35. Rg6 Kh7 36.
Rf6 Re7 37. g3 Nxh5 38. Rfxe6 Rg7 39. Kf1 f4 40. Rxd5 fxg3 41. Rxh5 gxf2 42. Kxf2 Rf7+ 43. Ke2 Rg7 44. Rhe5 Rg2+ 45. Kf3 Rxb2 46. Rd5 1-0

[Event "*** SCC Grand Prix: Titled Tuesday Blitz"]
[Site "Chess.com"]
[Date "2020.06.09"]
[Round "7"]
[White "KhatanbaatarBazar"]
[Black "MusicCityMaster"]
[Result "1/2-1/2"]
[WhiteElo "2461"]
[BlackElo "2333"]
[TimeControl "180+1"]
[EndTime "10:19:09 PDT"]
[Termination "Game drawn by repetition"]

1. e4 c5 2. Nf3 d6 3. Bb5+ Nd7 4.
c3 a6 5. Ba4 Nf6 6. Qe2 e6 7. O-O Be7 8. d4 b5 9. Bc2 cxd4 10.
cxd4 Bb7 11. Nc3 Rc8 12. a3 Nb6 13. Rd1 O-O 14. Bd3 Rc7 15. Bg5 Re8 16. e5 Nfd5 17. Bxe7 Qxe7 18. Ne4 dxe5 19. dxe5 Nf4 20. Qe3 Nbd5 21.
Qd2 Nxd3 22. Qxd3 Nf4 23. Qe3 Bxe4 24. Qxe4 Nd5 25. h4 h6 26. Rd4 Rec8 27. Rad1 Rc2 28. R4d2 R2c4 29. Nd4 Qc5 30. g3 Rc1 31. Kg2 Rxd1 32.
Rxd1 b4 33. Rd2 bxa3 34. Rc2 Qf8 35. bxa3 Rxc2 36. Nxc2 Qc5 37. Qd3 a5 38. Nd4 a4 39.
Nf3 Nc3 40. Qd8+ Kh7 41. Qe8 Qd5 42. Qxf7 Nb5 43. Kh2 Nxa3 44. h5 Qe4 45. Nh4 Nc4 46.
Ng6 Qf5 47. Nf8+ Kh8 48. Qe8 Qxf2+ 49. Kh3 Qf1+ 50. Kh4 Qh1+ 51. Kg4 Qe4+ 52. Kh3 Qh1+ 53. Kg4 Qe4+ 54. Kh3 Qh1+ 55. Kg4 1/2-1/2